 Dungeon Crawl Stone Soup version 0.21.1-1-g345015f (webtiles) character file.

1145 infcreate the Cleaver (level 8, -2/70 HPs)
             Began as a Minotaur Fighter on May 1, 2018.
             Slain by Edmund
             ... wielding a +8 dire flail of protection
              (5 damage)
             ... on level 5 of the Dungeon.
             The game lasted 00:19:53 (4131 turns).

infcreate the Cleaver (Minotaur Fighter)            Turns: 4131, Time: 00:19:54

Health: -2/70      AC:  9    Str: 23    XL:     8   Next: 15%
Magic:  7/7        EV:  8    Int:  5    God:
Gold:   238        SH: 10    Dex: 10    Spells: 7/7 levels left

rFire    . . .     SeeInvis .   a - +0 war axe
rCold    . . .     Gourm    .   c - +0 shield
rNeg     . . .     Faith    .   b - +0 scale mail
rPois    .         Spirit   .   (helmet restricted)
rElec    .         Reflect  .   e - +0 cloak
rCorr    .         Harm     .   (no gloves)
MR       .....                  (no boots)
Stlth    +.........             (no amulet)
HPRegen  0.21/turn              w - ring of stealth
MPRegen  0.10/turn              (no ring)

@: no status effects
A: retaliatory headbutt, horns 2
a: no special abilities


You were on level 5 of the Dungeon.
You were very hungry.

You visited 1 branch of the dungeon, and saw 5 of its levels.

You collected 238 gold pieces.

Inventory:

Hand Weapons
 a - a +0 war axe (weapon)
Armour
 b - a +0 scale mail (worn)
 c - a +0 shield (worn)
 e - a +0 cloak (worn)
Jewellery
 w - a ring of stealth (left hand)
Scrolls
 j - 2 scrolls of fog {unknown}
 m - a scroll of magic mapping
 n - a scroll of identify
 o - a scroll of enchant weapon {unknown}
 r - a scroll of remove curse {unknown}
 t - a scroll of random uselessness {unknown}
 u - 2 scrolls of amnesia {unknown}
 v - 2 scrolls of teleportation {unknown}
 y - a scroll of immolation {unknown}
Potions
 d - 2 potions of might
 g - a potion of magic
 h - 2 potions of berserk rage {unknown}
 i - 3 potions of heal wounds {unknown}
 k - 3 potions of curing
 l - a potion of degeneration {unknown}
 p - a potion of haste {unknown}
 q - a potion of brilliance {unknown}
 s - a potion of mutation {unknown}
 z - a potion of cancellation {unknown}
Comestibles
 f - 7 rations


   Skills:
 + Level 5.8 Fighting
 + Level 8.0 Axes
 + Level 6.6 Armour
 - Level 0.2 Dodging
 + Level 6.0 Shields


You had 7 spell levels left.
You didn't know any spells.

Dungeon Overview and Level Annotations

Branches:
Dungeon (5/15)
 Temple: D:4-7

Altars:

Annotations:
D:5 Edmund


Innate Abilities, Weirdness & Mutations

You reflexively headbutt those who attack you in melee.
You have a pair of horns on your head.


Message History

You hit Edmund but do no damage.
Edmund is almost dead.
Edmund hits you with a dire flail of protection.
You closely miss Edmund.
Edmund is almost dead.
Edmund hits you with a dire flail of protection!
You hit Edmund but do no damage. Your headbutt misses Edmund.
Edmund is almost dead.
Edmund hits you with a dire flail of protection!!
* * * LOW HITPOINT WARNING * * *
You barely miss Edmund.
Edmund is almost dead.
You are feeling very hungry.
Edmund hits you but does no damage.
You closely miss Edmund.
Edmund is almost dead.
Edmund hits you with a dire flail of protection!
* * * LOW HITPOINT WARNING * * *
Edmund hits you with a dire flail of protection.
You die...

.......######.######.#
.
.#.........).........#
.#
.......)†)))..########
# .#####.########
#......#########
#..............#
#.......######.# .....
..........# #@# # ....
###.......# #@# #. .8.
#.......# #.# .##..
.....#.... #.# ..( ##
......#.#.## #)# #.#
... ......#.#..
#.########.####...
#.................
##########....#.#.
#....# #....#


You could see Edmund.

Vanquished Creatures
  The ghost of Verendum the Grave Robber, an amateur DsNe (D:4)
  Eustachio (D:5)
  Menkaure (D:4)
  A sky beast (D:5)
  A phantom (D:3)
  2 ogres (D:5)
  A scorpion (D:4)
  A howler monkey (D:5)
  A hound (D:5)
  2 orc wizards (D:5)
  A worker ant (D:4)
  An iguana (D:3)
  A killer bee zombie (D:5)
  3 gnolls (D:3)
  3 adders
  An adder zombie (D:5)
  3 leopard geckos
  2 orcs (D:5)
  3 bats (D:1)
  2 giant cockroaches (D:2)
  8 goblins
  5 hobgoblins
  13 jackals
  7 kobolds
  2 quokkas (D:2)
  4 ball pythons
  6 frilled lizards
  2 quokka skeletons (D:5)
  A quokka zombie (D:5)
  6 rats
86 creatures vanquished.

Notes
Turn   | Place    | Note
-------+----------+-------------------------------------------
     0 | D:1      | infcreate the Minotaur Fighter began the quest for the Orb.
     0 | D:1      | Reached XP level 1. HP: 19/19 MP: 0/0
   276 | D:1      | Reached XP level 2. HP: 25/27 MP: 1/1
  1262 | D:1      | You fall through a shaft!
  1415 | D:2      | Reached XP level 3. HP: 33/33 MP: 2/2
  1613 | D:2      | Reached skill level 3 in Axes
  2051 | D:3      | Noticed a phantom
  2205 | D:3      | Killed a phantom
  2205 | D:3      | Reached skill level 4 in Axes
  2205 | D:3      | Reached XP level 4. HP: 32/41 MP: 3/3
  2205 | D:3      | Reached XP level 5. HP: 36/47 MP: 4/4
  2849 | D:4      | Noticed Menkaure
  2966 | D:3      | Reached skill level 5 in Shields
  3214 | D:4      | Killed Menkaure
  3214 | D:4      | Reached skill level 5 in Axes
  3214 | D:4      | Reached skill level 5 in Armour
  3214 | D:4      | Reached XP level 6. HP: 53/53 MP: 5/5
  3357 | D:4      | Noticed Verendum's ghost (amateur DsNe)
  3374 | D:4      | Killed Verendum's ghost
  3374 | D:4      | Reached skill level 5 in Fighting
  3374 | D:4      | Reached skill level 6 in Axes
  3374 | D:4      | Reached XP level 7. HP: 58/61 MP: 6/6
  3611 | D:5      | Entered Level 5 of the Dungeon
  3722 | D:5      | Reached skill level 7 in Axes
  3915 | D:5      | Noticed Eustachio
  3920 | D:5      | Reached XP level 8. HP: 34/70 MP: 7/7
  3945 | D:5      | Killed Eustachio
  3945 | D:5      | Reached skill level 8 in Axes
  4107 | D:5      | Noticed Edmund
  4131 | D:5      | HP: 3/70 [Edmund/dire flail of protection (14)]
  4131 | D:5      | Slain by Edmund

Skill      XL: |  1  2  3  4  5  6  7  8 |
---------------+-------------------------+-----
Fighting       | 4 5 |  5.8
Shields        | 4 5 6 |  6.0
Armour         | 4 5 6 |  6.6
Axes           | 4 5 6 7 8 |  8.0
Dodging        | |  0.2

Action                   |  1- 3 |  4- 6 |  7- 9 || total
-------------------------+-------+-------+-------++-------
Melee: War axe           |   161 |    70 |    99 ||   330
       Headbutt          |     9 |    12 |    11 ||    32
  Use: Scroll            |       |       |     2 ||     2
  Eat: Ration            |     1 |     1 |       ||     2
       Chunk             |       |     1 |     2 ||     3
Armor: Scale mail        |    70 |    25 |    33 ||   128
Dodge: Dodged            |    57 |    21 |    19 ||    97
Block: Shield            |    92 |    29 |    48 ||   169
